 Dungeon Crawl Stone Soup version 0.26-a0-8-gc4d20be10f (webtiles) character file.

Game seed: 494719740999435233, levelgen mode: deterministic

412034 sanka the Englaciator (level 23, -2/194 HPs)
             Began as a Barachi Ice Elementalist on May 21, 2020.
             Was the Champion of Vehumet.
             Slain by a phantasmal warrior (37 damage)
             ... summoned by an ancient lich
             ... on level 5 of the Vaults on May 24, 2020.
             The game lasted 02:38:20 (46357 turns).

sanka the Englaciator (Barachi Ice Elementalist)   Turns: 46357, Time: 02:38:21

Health: -2/194     AC: 20    Str: 10    XL:     23   Next: 52%
Magic:  12/42      EV: 34    Int: 29    God:    Vehumet [******]
Gold:   2015       SH:  0    Dex: 22    Spells: 16/52 levels left

rFire    . . .     SeeInvis +   b - +9 lajatang (flame)
rCold    . . .     Gourm    .   (shield currently unavailable)
rNeg     . . .     Faith    .   N - +5 robe of Night {Dark MR+ SInv}
rPois    .         Spirit   .   C - +2 helmet
rElec    .         Reflect  .   h - +2 cloak of the Thief {+Fog Slay-2 SInv Stlth+}
rCorr    .         Harm     .   F - +2 pair of gloves {Dex+3}
MR       ++...                  v - +2 pair of boots of Yrivir {Regen+ Int+7 Dex-3}
Stlth    +++.......             O - amulet of regeneration
HPRegen  1.22/turn              D - +6 ring of dexterity
MPRegen  0.28/turn              Y - +4 ring of evasion

@: lethally poisoned (-2 -> -2), can't hop, very slightly contaminated, drained,
slow
A: +LOS, swims, slowness 1, strong legs 2
}: 2/15 runes: serpentine, barnacled
a: Hop, Renounce Religion, Evoke Fog


You were on level 5 of the Vaults.
You worshipped Vehumet.
Vehumet was exalted by your worship.
You were not hungry.

You visited 7 branches of the dungeon, and saw 37 of its levels.

You collected 5142 gold pieces.
You spent 3127 gold pieces at shops.


Innate Abilities, Weirdness & Mutations

You can be seen from farther away. (+LOS)
You can swim through water.
You cover ground slowly.
You can hop long distances.


   Skills:
 + Level 19.4(18.4) Fighting
 - Level 14.0(13.1) Staves
 - Level 8.0(7.2) Armour
 + Level 18.8(17.9) Dodging
 - Level 1.7(1.1) Stealth
 - Level 15.0(14.1) Spellcasting
 - Level 4.0(3.3) Conjurations
 - Level 4.0(3.3) Summonings
 O Level 27(25.9) Ice Magic
 - Level 4.0(3.3) Air Magic
 - Level 5.0(4.3) Evocations


You had 16 spell levels left.
You knew the following spells:

 Your Spells              Type           Power        Failure   Level  Hunger
a - Ozocubu's Armour      Chrm/Ice       #######.     1%          3    None
i - Absolute Zero         Ice            ########..   1%          9    #######
u - Hailstorm             Conj/Ice       #######.     1%          4    None
x - Summon Ice Beast      Ice/Summ       #######.     1%          4    None
y - Frozen Ramparts       Ice            ######       0%          3    None
z - Ozocubu's Refrigerat  Ice            ########..   0%          6    ####...
C - Freeze                Ice            ####         0%          1    None
X - Freezing Cloud        Conj/Ice/Air   ######....   1%          6    ####...

Your spell library contained the following spells:

 Spells                   Type           Power        Failure   Level  Hunger
 Chain Lightning          Conj/Air       #####.....   100%        8    #######
 Fire Storm               Conj/Fire      ####......   100%        9    #######
 Magic Dart               Conj           ####         1%          1    None
 Sandblast                Erth           ###...       1%          1    None
 Call Imp                 Summ           #####...     1%          2    None
 Corpse Rot               Necr/Air       N/A          1%          2    None
 Ensorcelled Hibernation  Hex/Ice        ######       1%          2    None
 Poisonous Vapours        Pois/Air       ####..       1%          2    None
 Call Canine Familiar     Summ           #####...     1%          3    None
 Conjure Flame            Conj/Fire      ####....     1%          3    None
 Dazzling Flash           Conj/Hex       ####..       1%          3    None
 Mephitic Cloud           Conj/Pois/Air  ####....     1%          3    None
 Ice Form                 Ice/Tmut       #######.     1%          4    None
 Metabolic Englaciation   Hex/Ice        #######...   1%          5    None
 Animate Skeleton         Necr           N/A          2%          1    None
 Beastly Appendage        Tmut           ###...       2%          1    None
 Corona                   Hex            ###....      2%          1    None
 Pain                     Necr           ###.         2%          1    None
 Ignite Poison            Fire/Tmut/Pois ###.....     2%          3    None
 Blink                    Tloc           N/A          3%          2    None
 Slow                     Hex            ###.....     3%          2    None
 Sticks to Snakes         Tmut           ###.....     3%          2    None
 Sublimation of Blood     Necr           ###.......   3%          2    None
 Recall                   Summ/Tloc      N/A          3%          3    None
 Confusing Touch          Hex            ###.....     8%          3    None
 Gell's Gravitas          Tloc           ###.......   8%          3    None
 Spider Form              Tmut/Pois      ###.......   8%          3    None
 Tukima's Dance           Hex            ###.....     8%          3    None
 Vampiric Draining        Necr           ###.......   8%          3    None
 Irradiate                Conj/Tmut      ####......   10%         5    None
 Lee's Rapid Deconstruct  Erth           ###.......   17%         5    None
 Yara's Violent Unravell  Hex/Tmut       ###.......   17%         5    None
 Animate Dead             Necr           N/A          24%         4    None
 Dispel Undead            Necr           ###.....     24%         4    None
 Petrify                  Tmut/Erth      ###.....     24%         4    None
 Iron Shot                Conj/Erth      ####......   41%         6    ####...
 Agony                    Necr           ###.....     56%         5    None
 Alistair's Intoxication  Tmut/Pois      ###.....     56%         5    None
 Blade Hands              Tmut           ###.......   56%         5    None
 Borgnjor's Vile Clutch   Necr/Erth      ###.......   56%         5    None
 Excruciating Wounds      Chrm/Necr      ###.......   56%         5    None
 Dispersal                Tloc           ###.......   98%         6    ####...
 Eringya's Noxious Bog    Tmut/Pois      ###.......   98%         6    ####...
 Hydra Form               Tmut           ###.......   98%         6    ####...
 Statue Form              Tmut/Erth      ###......    98%         6    ####...
 Monstrous Menagerie      Summ           #####.....   99%         7    #####..
 Summon Greater Demon     Summ           #####.....   99%         7    #####..
 Dragon Form              Tmut           ###.......   100%        7    #####..
 Malign Gateway           Summ/Tloc      ####......   100%        7    #####..
 Ring of Flames           Chrm/Fire      ###.......   100%        7    #####..
 Summon Horrible Things   Summ           #####.....   100%        8    #######

Inventory:

Hand Weapons
 b - a +9 lajatang of flaming (weapon)
Missiles
 d - 7 throwing nets {=f}
 f - 954 stones (quivered)
Armour
 h - the +2 cloak of the Thief (worn) {+Fog Slay-2 SInv Stlth+}

   It affects your accuracy and damage with ranged weapons and melee attacks
   (-2).
   It lets you see invisible.
   It makes you more stealthy.
 v - the +2 pair of boots of Yrivir (worn) {Regen+ Int+7 Dex-3}

   It affects your intelligence (+7).
   It affects your dexterity (-3).
   It increases your rate of regeneration.
 C - a +2 helmet (worn)
 F - a +2 pair of gloves of dexterity (worn)
 N - the +5 robe of Night (worn) {Dark MR+ SInv}

   It affects your resistance to hostile enchantments.
   It lets you see invisible.
Magical Staves
 a - an uncursed staff of cold
Jewellery
 t - an uncursed ring of resist corrosion
 B - an uncursed ring of ice
 D - a +6 ring of dexterity (left hand)
 E - an uncursed ring of wizardry
 J - a +6 ring of intelligence
 O - an amulet of regeneration (around neck)
 Y - a +4 ring of evasion (right hand)
Wands
 e - a wand of paralysis (38)
 g - a wand of clouds (7)
 q - a wand of acid (14)
 u - a wand of enslavement (22)
 H - a wand of iceblast (20)
 P - a wand of digging (15)
Scrolls
 m - 13 scrolls of amnesia
 n - 23 scrolls of teleportation {@r4}
 x - 10 scrolls of remove curse
 y - 2 scrolls of blinking
 I - 2 scrolls of enchant armour
 K - 6 scrolls of immolation {!r}
 L - 8 scrolls of fear
 M - 7 scrolls of identify {@r1}
 R - 8 scrolls of fog
 S - 3 scrolls of magic mapping
 T - 2 scrolls of holy word
 V - 2 scrolls of summoning
 X - a scroll of silence {!r}
Potions
 i - 8 potions of flight
 j - 8 potions of mutation {!q}
 k - 3 potions of berserk rage {!q}
 l - 10 potions of haste {@q3}
 o - 4 potions of might
 p - 4 potions of invisibility
 s - 5 potions of heal wounds {@q2}
 w - 4 potions of brilliance
 z - 2 potions of resistance
 A - 17 potions of curing {@q1}
 G - 2 potions of ambrosia
 Q - 3 potions of cancellation
 U - 4 potions of lignification {!q}
Miscellaneous
 Z - a phial of floods
Comestibles
 c - 62 rations

Dungeon Overview and Level Annotations

Branches:
Dungeon (15/15)            Temple (1/1) D:4            Lair (6/6) D:9
 Shoals (4/4) Lair:3        Snake (4/4) Lair:3        Slime (0/5) Lair:5
    Orc (2/2) D:9             Elf (0/3) Orc:2        Vaults (5/5) D:13
  Crypt (0/3) Vaults:3     Depths (0/5) D:15

Altars:
Cheibriados
Gozag
Hepliaklqana
Kikubaaqudgha
Makhleb
Nemelex Xobeh
Sif Muna
Uskayaw
Vehumet
Wu Jian
Xom
Zin
The Shining One
Beogh

Shops:
D:5 %[[%   D:6 *   D:7 ?   D:13 [}==   Orc:2 =%}[   Shoals:1 (   Shoals:3 ?
Snake:3 =   Vaults:1 }   Vaults:2 }

Annotations:
Shoals:2 Roxanne

░,,,,░,,,,░,,░░░,,░,,░
,,,,░░░,,,,░░░░░,,░,,░
.,,░░ ░░,,,,,,,,,.▒..▒
.,░░ ░░,,,,,,,,....▒
▒▒▒▒▒▒▒▒▒▒▒▒▒▒▒▒▒....▒
.....###..c..........▒
......#W.#L#.........▒
°°....##WQ....WW.....▒
.D...##.#.......F....▒
▒▒▒▒▒▒▒▒▒▒▒▒▒▒▒▒▒.W..▒
.[.▒.▒▒▒.▒(()▒,░░▒...▒
▒)▒.}.▒.▒▒▒)▒...▒,▒..▒
.▒▒▒.▒...▒)▒▒▒.▒..W..▒
((▒.▒▒▒.▒...▒,▒▒░,▒,.▒
.▒)..▒.▒▒▒)▒.|.▒,░░,,▒
▒▒▒.▒...▒.▒▒▒.▒...░,,░
.▒.▒▒▒.▒...▒,▒▒░,▒░,,░


You could see an ancient lich (fast), a yaktaur captain, a phantasmal warrior
(summoned), a freezing wraith (summoned) and a wraith (summoned).


Message History

The tengu reaver completely misses you. The tengu reaver completely misses you.
The ancient lich misses you.
The shadow wraith hits you but does no damage.
The yaktaur captain hits you!
* * * LOW HITPOINT WARNING * * *
Okay, then.
Okay, then.
Unknown command.
Unknown command.
You feel sick.
The phantasmal warrior blinks!
The tengu reaver hits you with a +0 dire flail!
* * * LOW HITPOINT WARNING * * *
The tengu reaver misses you. The tengu reaver completely misses you.
The shadow wraith closely misses you. The ancient lich casts a spell at you.
You resist with some effort.
Unknown command.
Blink to where?
You are very lightly contaminated with residual magic.
As you read the scroll of blinking, it crumbles to dust.
The phantasmal warrior blinks!
You feel sick.
The phantasmal warrior completely misses you.
The ancient lich points at you and mumbles some strange words.
You feel haunted. The phantasmal warrior hits you!!!
You die...

Action                   |  1- 3 |  4- 6 |  7- 9 | 10-12 | 13-15 | 16-18 | 19-21 | 22-24 || total
-------------------------+-------+-------+-------+-------+-------+-------+-------+-------++-------
Melee: Unarmed           |     3 |       |       |       |       |       |       |       ||     3
       Spear             |    39 |     9 |       |       |       |       |       |       ||    48
       Glaive            |       |     8 |    87 |   120 |       |       |       |       ||   215
       Lajatang          |       |       |       |    14 |   357 |   498 |   347 |   204 ||  1420
       Whip              |       |       |       |       |   130 |       |       |       ||   130
       Staff             |       |       |       |       |   103 |    23 |   201 |     9 ||   336
Throw: Stone             |       |       |     1 |     1 |     1 |       |       |       ||     3
 Cast: Freeze            |    25 |    45 |    58 |   349 |   418 |       |       |       ||   895
       Frozen Ramparts   |     2 |     5 |    15 |    55 |    57 |     1 |       |       ||   135
       Ozocubu's Armour  |       |       |    18 |    46 |    63 |    27 |    15 |    10 ||   179
       Summon Ice Beast  |       |       |     4 |    14 |    32 |       |       |       ||    50
       Hailstorm         |       |       |       |    10 |     7 |       |       |       ||    17
       Ozocubu's Refrige |       |       |       |       |    59 |   146 |   204 |    69 ||   478
       Freezing Cloud    |       |       |       |       |     2 |       |       |       ||     2
       Absolute Zero     |       |       |       |       |       |       |     8 |     8 ||    16
 Abil: Hop               |       |       |       |       |     3 |     1 |     1 |     2 ||     7
       Evoke Fog         |       |       |       |       |       |       |       |     1 ||     1
Evoke: Wand              |       |       |     6 |    17 |     4 |     3 |       |       ||    30
  Use: Scroll            |       |       |     8 |     7 |    24 |    16 |       |     4 ||    59
       Potion            |       |       |       |       |     2 |     2 |       |     1 ||     5
 Stab: Sleeping          |     6 |     4 |     2 |     1 |     5 |     5 |     7 |     1 ||    31
       Distracted        |       |       |       |       |     4 |     1 |     1 |       ||     6
       Petrifying        |       |       |       |       |       |       |     1 |       ||     1
  Eat: Chunk             |     3 |    11 |     6 |    30 |    48 |    34 |    60 |    19 ||   211
       Ration            |       |       |     2 |     1 |     3 |     4 |       |     1 ||    11
Armor: Robe              |     7 |    10 |    59 |     8 |       |       |    78 |    65 ||   227
       Animal skin       |       |       |       |    49 |       |       |       |       ||    49
       Troll leather arm |       |       |       |   107 |    39 |       |       |       ||   146
       Steam dragon scal |       |       |       |       |   256 |   141 |    32 |       ||   429
Dodge: Dodged            |    23 |    26 |   124 |   531 |  1413 |   760 |   643 |   311 ||  3831
       Repelled          |       |       |       |       |     3 |       |       |       ||     3

Levels and vault maps discovered:
D:1:      dpeg_arrival_renting, layout_loops_ring
D:2:      minmay_spotlight, layout_loops_ring, first_ration
D:3:      layout_basic, nicolae_overflow_crystal_walls, old_standard_altar
D:4:      layout_cave_pools, minmay_temple_entry_sparse_star
D:5:      layout_loops_corners, old_standard_altar, portal_sewer_entry_e,
          serial_shops, shop, shop, shop,
          nicolae_shop_temple_entry_statues_fountains, kennysheep_generic_room_8
D:6:      minmay_evil_eye, layout_basic, ebering_ghost_rock_garden,
          serial_shops, nicolae_shop_overgrown_old_shop, kennysheep_dice,
          uniq_grinder, uniq_maggie, uniq_edmund
D:7:      layout_basic, lemuel_doored_altar, lemuel_round_altar, serial_shops,
          shop
D:8:      layout_rooms, lemuel_coloured_pillars_altar, basic_altar, uniq_grum,
          uniq_maurice, uniq_pikel, uniq_psyche
D:9:      layout_gridville, erik_lair_island, orc_0_dummy, uniq_erica
D:10:     layout_long_grid, minmay_three_doors
D:11:     layout_irregular_city
D:12:     layout_rooms, david_nohive_1, uniq_nergalle
D:13:     layout_cave_pods, david_vaults_1, serial_shops, nicolae_shop_crystal,
          kennysheep_little_box, shop_fountains, nicolae_shop_crystal,
          serial_bayou_pond_a, fountainhead
D:14:     layout_basic, kennysheep_crisscross, uniq_snorg
D:15:     grunt_enter_depths_snipers, layout_stronghold,
          minmay_beelzebubs_servants, uniq_jorgrun
Temple:   eino_temple_rhombus
Lair:1:   layout_gridlike
Lair:2:   layout_roguey, lemuel_fruit_tree, lemuel_fruit_fields
Lair:3:   layout_long_grid, minmay_shoals_entry_hut, dummy_snake_entry,
          nicolae_quartered_pool_super, beast_lair_carwin_5
Lair:4:   layout_hall_layers, cheibrodos_lair_caveside_slide, st_stairs_11
Lair:5:   layout_regular_city, nicolae_slime_entry_slimehenge,
          minmay_lair_oklob_items, st_stairs_13, chequers_serial_rivers_micro_a
Lair:6:   hangedman_lair_caniforms_friends, layout_regular_city,
          guppyfry_lair_end_dragon, minivault_25, hangedman_lair_generics_rect
Shoals:1: layout_shoals, serial_shops, nicolae_shop_competitors_out_of_business,
          nicolae_shoals_arrival_archipelago
Shoals:2: layout_shoals, regret_index_shoals_crete, uniq_roxanne
Shoals:3: layout_shoals, serial_shops, shop_statue,
          nicolae_shoals_isolated_beach
Shoals:4: shoals_end_simple, layout_shoals, nicolae_shoals_water_shrine
Snake:1:  layout_basic, basic_altar, uniq_aizul, uniq_donald
Snake:2:  layout_basic, gammafunk_ghost_grave, minmay_snake_pond,
          uniq_saint_roka
Snake:3:  gammafunk_the_bubble [the_bubble_gammafunk_split],
          layout_misc_corridors, serial_shops, nicolae_shop_crystal
Snake:4:  snake_pit, layout_misc_corridors, uniq_bai_suzhen
Orc:1:    layout_caves
Orc:2:    st_orc_open, layout_diamond_mine, basic_altar, minmay_orc_treasury
Vaults:1: vaults_room_grid, nicolae_vaults_meeting, grunt_vaults_diagonal,
          ontoclasm_vaults_pinch, v_misc_33, hangedman_vaults_restitches,
          v_alt_pattern_1, hangedman_vaults_trim, dpeg_vaults_monster_row,
          vaults_room_pool, nicolae_vaults_asterisk,
          nicolae_vaults_little_squares_3, nicolae_vaults_big_ls,
          hangedman_vaults_trim, layout_vaults_omnicross, serial_shops,
          nicolae_shop_waterfront
Vaults:2: biasface_vaults_ghost_orc_armoury, nicolae_vaults_little_squares_2,
          vaults_dpeg_ring, dpeg_vaults_monster_box, layout_vaults_omnigrid,
          serial_shops, shop, serial_glass
Vaults:3: st_greater_box_4, v_misc_29, nicolae_vaults_little_squares_3,
          vaults_room_door_hall, blue_anna_dwarven_crypt,
          vaults_standard_mumra_lines, grunt_vaults_twisty, v_misc_9,
          vaults_room_stairs_pillars, ontoclasm_vaults_chip,
          layout_vaults_chaotic_city, uniq_margery
Vaults:4: vaults_room_grunt_arrival_ludios, nicolae_vaults_quartermaster,
          v_misc_4, hangedman_vaults_nails, v_misc_16, hangedman_vaults_snaps,
          v_misc_22, hangedman_vaults_corner, v_rooms_2,
          nicolae_vaults_little_squares_6, layout_vaults_omnibox, uniq_frederick
Vaults:5: uniq_mara

Notes
Turn   | Place    | Note
-------+----------+-------------------------------------------
     0 | D:1      | sanka the Barachi Ice Elementalist began the quest for the
                  | Orb.
     0 | D:1      | Reached XP level 1. HP: 13/13 MP: 3/3
    88 | D:1      | Reached skill level 5 in Ice Magic
    88 | D:1      | Reached XP level 2. HP: 7/19 MP: 0/5
   748 | D:1      | Reached skill level 3 in Spellcasting
   748 | D:1      | Reached XP level 3. HP: 24/24 MP: 4/7
   753 | D:1      | Learned a level 3 spell: Frozen Ramparts
  1530 | D:2      | Reached skill level 6 in Ice Magic
  1655 | D:2      | Reached XP level 4. HP: 29/30 MP: 4/8
  2439 | D:3      | Found a sparkling altar of Nemelex Xobeh.
  2562 | D:3      | Reached skill level 7 in Ice Magic
  2562 | D:3      | Reached XP level 5. HP: 35/35 MP: 6/9
  2607 | D:3      | Found an ornate altar of the Wu Jian Council.
  3119 | D:4      | Found a staircase to the Ecumenical Temple.
  3131 | Temple   | Entered the Ecumenical Temple
  3137 | Temple   | Became a worshipper of Vehumet
  3216 | D:4      | Learned a level 3 spell: Ozocubu's Armour
  3761 | D:5      | Entered Level 5 of the Dungeon
  3764 | D:5      | Found a snail-covered altar of Cheibriados.
  4108 | D:5      | Noticed an ogre
  4119 | D:5      | Killed an ogre
  4119 | D:5      | Reached skill level 8 in Ice Magic
  4119 | D:5      | Reached XP level 6. HP: 24/41 MP: 10/10
  4251 | D:5      | Learned a level 4 spell: Summon Ice Beast
  4328 | D:5      | Reached skill level 1 in Summonings
  4333 | D:5      | Reached skill level 2 in Summonings
  4387 | D:5      | Found Sonoso's Antique Armour Emporium.
  4422 | D:5      | Found Hecled's Food Shop.
  4431 | D:5      | Found Baocoklu's Food Shop.
  4431 | D:5      | Found Odgheuj's Armour Shop.
  4728 | D:5      | Reached skill level 3 in Summonings
  4728 | D:5      | Reached XP level 7. HP: 46/46 MP: 11/11
  4781 | D:5      | Bought a +1 pair of gloves of dexterity for 198 gold pieces
  4943 | D:5      | Got a slimy robe
  4954 | D:5      | Identified the +1 robe "Hybiof" {-Tele Str+5 Dex-4 Stlth+}
                  | (You found it on level 5 of the Dungeon)
  5036 | D:5      | Reached skill level 4 in Summonings
  5036 | D:5      | Reached skill level 9 in Ice Magic
  5305 | D:6      | Found Ebuoshaw's Assorted Antiques.
  5525 | D:7      | Noticed a troll
  5782 | D:6      | Noticed a troll
  5796 | D:6      | Killed a troll
  5796 | D:6      | Reached skill level 4 in Spellcasting
  5796 | D:6      | Reached skill level 10 in Ice Magic
  5796 | D:6      | Reached XP level 8. HP: 41/52 MP: 14/14
  5960 | D:6      | Reached skill level 1 in Fighting
  5964 | D:6      | Noticed Edmund
  5975 | D:6      | Killed Edmund
  6045 | D:6      | Identified +0 acid dragon scales
  6045 | D:6      | Noticed Maggie
  6066 | D:6      | Killed Maggie
  6066 | D:6      | Reached skill level 2 in Fighting
  6066 | D:6      | Reached skill level 3 in Dodging
  6226 | D:6      | Noticed Grinder
  6226 | D:6      | Paralysed by Grinder for 4 turns
  6238 | D:6      | Killed Grinder
  6238 | D:6      | Reached skill level 3 in Fighting
  6238 | D:6      | Reached skill level 5 in Spellcasting
  6378 | D:6      | Found a runed translucent gate.
  6378 | D:6      | Found a runed translucent gate.
  6379 | D:6      | Found a runed translucent gate.
  6379 | D:6      | Noticed Esekla's ghost (amateur OpWz)
  6404 | D:6      | Killed Esekla's ghost
  6404 | D:6      | Reached skill level 4 in Dodging
  6404 | D:6      | Reached XP level 9. HP: 65/65 MP: 16/16
  6662 | D:7      | Found Gegoco's Magic Scroll Boutique.
  6730 | D:7      | Reached skill level 4 in Fighting
  6730 | D:7      | Reached skill level 11 in Ice Magic
  6765 | D:7      | Reached * piety under Vehumet
  6765 | D:7      | Offered knowledge of Foxfire by Vehumet.
  6826 | D:7      | Found a shimmering blue altar of Sif Muna.
  6905 | D:7      | Killed a troll
  6905 | D:7      | Reached skill level 5 in Dodging
  6905 | D:7      | Reached skill level 6 in Spellcasting
  7215 | D:7      | Reached skill level 5 in Fighting
  7458 | D:7      | Found a hazy altar of Hepliaklqana.
  7528 | D:8      | Noticed Pikel
  7533 | D:8      | Killed Pikel
  7605 | D:8      | Noticed Maurice
  7633 | D:8      | Killed Maurice
  7633 | D:8      | Reached skill level 6 in Dodging
  7633 | D:8      | Reached XP level 10. HP: 26/76 MP: 19/19
  7648 | D:8      | Reached skill level 6 in Fighting
  7985 | D:8      | Found an ancient bone altar of Kikubaaqudgha.
  7987 | D:8      | Noticed Psyche
  7999 | D:8      | Killed Psyche
  8030 | D:8      | Learned a level 4 spell: Hailstorm
  8286 | D:8      | Reached skill level 7 in Spellcasting
  8290 | D:8      | Reached skill level 12 in Ice Magic
  8405 | D:8      | Noticed Grum
  8408 | D:8      | Reached ** piety under Vehumet
  8408 | D:8      | Offered knowledge of Shock by Vehumet.
  8416 | D:8      | Killed Grum
  8531 | D:8      | Found a hide-covered altar of Uskayaw.
  8716 | D:9      | Reached skill level 7 in Fighting
  8770 | D:9      | Found a staircase to the Orcish Mines.
  8866 | D:9      | Reached skill level 7 in Dodging
  9305 | D:9      | Found a staircase to the Lair.
  9610 | D:9      | Noticed Erica
  9696 | D:9      | Killed Erica
  9696 | D:9      | Reached skill level 8 in Fighting
  9696 | D:9      | Reached skill level 8 in Spellcasting
  9845 | D:9      | Reached XP level 11. HP: 86/86 MP: 23/23
 10179 | D:9      | Offered knowledge of Conjure Flame by Vehumet.
 10193 | D:9      | Reached skill level 8 in Dodging
 10659 | D:9      | Reached *** piety under Vehumet
 11087 | D:10     | Entered Level 10 of the Dungeon
 11255 | D:10     | Reached skill level 13 in Ice Magic
 11409 | D:10     | Noticed a fire giant
 11418 | D:10     | Killed a fire giant
 11418 | D:10     | Reached skill level 9 in Fighting
 11661 | D:10     | Got a bloodstained leather armour
 11672 | D:10     | Identified the +0 leather armour of Analysis {rPois Dex+4}
                  | (You found it on level 10 of the Dungeon)
 12013 | D:11     | Noticed a manticore
 12044 | D:11     | Offered knowledge of Airstrike by Vehumet.
 12044 | D:11     | Reached skill level 9 in Spellcasting
 12085 | D:11     | Killed a manticore
 12201 | D:11     | Reached skill level 9 in Dodging
 12459 | D:11     | Reached **** piety under Vehumet
 12569 | D:11     | Offered knowledge of Lightning Bolt by Vehumet.
 13127 | Orc:1    | Entered Level 1 of the Orcish Mines
 13210 | Lair:1   | Entered Level 1 of the Lair of Beasts
 13508 | Lair:1   | Reached XP level 12. HP: 97/97 MP: 25/25
 13666 | Lair:1   | Reached skill level 10 in Fighting
 14283 | Lair:2   | Reached skill level 14 in Ice Magic
 14433 | Lair:2   | Noticed a death yak
 14446 | Lair:2   | Killed a death yak
 14446 | Lair:2   | Reached skill level 10 in Dodging
 14448 | Lair:2   | Reached skill level 10 in Spellcasting
 15232 | Lair:3   | Reached skill level 11 in Fighting
 15307 | Lair:3   | Found a staircase to the Snake Pit.
 15447 | Lair:3   | Found a staircase to the Shoals.
 15747 | Lair:3   | Noticed a death yak
 15753 | Lair:3   | Noticed a death yak
 15757 | Lair:3   | Killed a death yak
 15765 | Lair:3   | Killed a death yak
 16076 | Lair:4   | Learned a level 6 spell: Freezing Cloud
 16100 | Lair:4   | Reached ***** piety under Vehumet
 16113 | Lair:4   | Offered knowledge of Irradiate by Vehumet.
 16113 | Lair:4   | Reached skill level 1 in Conjurations
 16113 | Lair:4   | Reached skill level 1 in Air Magic
 16131 | Lair:4   | Noticed a seven-headed hydra
 16150 | Lair:4   | Killed a seven-headed hydra
 16150 | Lair:4   | Reached skill level 11 in Dodging
 16150 | Lair:4   | Gained mutation: You can hop long distances. [Barachi
                  | growth]
 16150 | Lair:4   | Reached XP level 13. HP: 106/106 MP: 10/27
 16315 | Lair:4   | Identified a scroll of acquirement
 16575 | Lair:4   | Reached skill level 2 in Conjurations
 16575 | Lair:4   | Reached skill level 2 in Air Magic
 17172 | Lair:5   | Got a scorched shortbow
 17173 | Lair:5   | Identified the cursed +2 shortbow of the Red Skies {venom,
                  | rElec rF+} (You found it on level 5 of the Lair of Beasts)
 17383 | Lair:5   | Reached skill level 15 in Ice Magic
 17385 | Lair:5   | Found a staircase to the Slime Pits.
 18021 | Lair:5   | Got a smoking whip
 18022 | Lair:5   | Identified the +4 whip "Cinoizae" {elec, Str+2 Int+2} (You
                  | found it on level 5 of the Lair of Beasts)
 18045 | Lair:6   | Entered Level 6 of the Lair of Beasts
 18071 | Lair:6   | Reached skill level 3 in Conjurations
 18074 | Lair:6   | Reached skill level 3 in Air Magic
 18237 | Lair:6   | Reached skill level 12 in Fighting
 18557 | Lair:6   | Identified +0 acid dragon scales
 18596 | Lair:6   | Identified +0 steam dragon scales
 18789 | Lair:6   | Reached skill level 4 in Air Magic
 18793 | Lair:6   | Reached skill level 4 in Conjurations
 19271 | Lair:6   | Noticed a dire elephant
 19283 | Lair:6   | Killed a dire elephant
 19428 | Lair:6   | Reached skill level 11 in Spellcasting
 19767 | Lair:6   | Reached skill level 12 in Dodging
 19831 | Lair:6   | Noticed a fire dragon
 19851 | Lair:6   | Killed a fire dragon
 19851 | Lair:6   | Identified +0 fire dragon scales
 20447 | Lair:6   | Reached XP level 14. HP: 113/116 MP: 27/29
 20459 | Lair:6   | Reached skill level 13 in Fighting
 21460 | Orc:2    | Entered Level 2 of the Orcish Mines
 21536 | Orc:2    | Found a staircase to the Elven Halls.
 21589 | Orc:2    | Identified a +0 robe of resistance
 21628 | Orc:2    | Offered knowledge of Ozocubu's Refrigeration by Vehumet.
 21766 | Orc:2    | Reached skill level 13 in Dodging
 21767 | Orc:2    | Reached skill level 12 in Spellcasting
 21835 | Orc:2    | Reached skill level 14 in Fighting
 21846 | Orc:2    | Learned a level 6 spell: Ozocubu's Refrigeration
 22029 | Orc:2    | Found Pesaoh's Jewellery Shoppe.
 22030 | Orc:2    | Found Jant's Gadget Shoppe.
 22035 | Orc:2    | Found a radiant altar of Vehumet.
 22037 | Orc:2    | Found Sifuhapt's Armour Shop.
 22128 | Orc:2    | Found Luefot Migh's Food Emporium.
 22303 | Orc:2    | Noticed an orc warlord
 22315 | Orc:2    | Killed an orc warlord
 22434 | Orc:2    | Identified the ring "Duug Kuh" {*Tele rPois}
 22463 | Orc:2    | Noticed an orc warlord
 22482 | Orc:2    | Killed an orc warlord
 23298 | Orc:1    | Reached ****** piety under Vehumet
 23449 | Orc:2    | Bought the +2 pair of boots of Yrivir {Regen+ Int+7 Dex-3}
                  | for 448 gold pieces
 23608 | D:5      | Bought the +2 cloak of the Thief {+Fog Slay-2 SInv Stlth+}
                  | for 623 gold pieces
 23608 | D:5      | Found the +2 cloak of the Thief {+Fog Slay-2 SInv Stlth+}
 23723 | D:6      | Bought an opalescent robe for 148 gold pieces
 23723 | D:6      | Bought a tubular bone ring for 130 gold pieces
 23733 | D:6      | Identified the cursed +0 robe of Elyvilon's Generosity
                  | {Int-3 Dex+6 Slay+4} (You bought it in a shop on level 6 of
                  | the Dungeon)
 23784 | D:7      | Bought a scroll of brand weapon for 320 gold pieces
 23784 | D:7      | Bought a scroll of magic mapping for 56 gold pieces
 23784 | D:7      | Bought a scroll of summoning for 152 gold pieces
 23784 | D:7      | Bought a scroll of blinking for 120 gold pieces
 23784 | D:7      | Bought a scroll of enchant weapon for 120 gold pieces
 23784 | D:7      | Bought a scroll of enchant weapon for 120 gold pieces
 23886 | Orc:2    | Bought a +4 ring of evasion for 504 gold pieces
 23904 | Orc:2    | Upgraded the game from 0.25-a0-1133-g93ebf739aa to
                  | 0.26-a0-8-gc4d20be10f
 23977 | D:12     | Offered knowledge of Starburst by Vehumet.
 23979 | D:12     | Noticed Nergalle
 23981 | D:12     | Killed Nergalle
 23981 | D:12     | Reached skill level 1 in Staves
 24007 | D:12     | Reached XP level 15. HP: 127/127 MP: 19/31
 24064 | D:12     | Reached skill level 1 in Evocations
 24224 | D:12     | Reached skill level 2 in Staves
 24465 | D:14     | Noticed Snorg
 24476 | D:14     | Killed Snorg
 24476 | D:14     | Reached skill level 2 in Evocations
 24483 | D:14     | Reached skill level 3 in Staves
 25295 | D:13     | Reached skill level 4 in Staves
 25339 | D:13     | Offered knowledge of Lee's Rapid Deconstruction by Vehumet.
 25341 | D:13     | Reached skill level 3 in Evocations
 25448 | D:13     | Reached skill level 14 in Dodging
 25582 | D:13     | Found a gate to the Vaults.
 25599 | D:13     | Found Uczacwon's Gadget Shop.
 25628 | D:13     | Found Odalam's Jewellery Emporium.
 25649 | D:13     | Found Hostipieci's Jewellery Emporium.
 25811 | D:13     | Found Fizxatits's Antique Armour Emporium.
 26359 | D:13     | Bought a tattered robe for 188 gold pieces
 26369 | D:13     | Identified the +1 robe "Yhumoz" {rElec rCorr} (You bought
                  | it in a shop on level 13 of the Dungeon)
 26423 | D:15     | Entered Level 15 of the Dungeon
 26573 | D:15     | Reached skill level 5 in Staves
 27058 | D:15     | Noticed Jorgrun
 27067 | D:15     | Killed Jorgrun
 27067 | D:15     | Reached skill level 15 in Fighting
 27067 | D:15     | Reached skill level 4 in Evocations
 27260 | D:15     | Reached skill level 6 in Staves
 27531 | D:15     | Reached skill level 16 in Ice Magic
 27871 | D:15     | Found a staircase to the Depths.
 27878 | D:15     | Reached skill level 13 in Spellcasting
 28211 | Snake:1  | Entered Level 1 of the Snake Pit
 28338 | Snake:1  | Reached XP level 16. HP: 130/136 MP: 33/33
 28387 | Snake:1  | Reached skill level 7 in Staves
 28470 | Snake:1  | Reached skill level 5 in Evocations
 28642 | Snake:2  | Reached skill level 8 in Staves
 28727 | Snake:2  | Found a runed translucent door.
 28727 | Snake:2  | Noticed TrebMcFLY's ghost (adept VSFi)
 28938 | Snake:2  | Killed TrebMcFLY's ghost
 28956 | Snake:2  | Noticed Saint Roka
 28966 | Snake:2  | Killed Saint Roka
 28966 | Snake:2  | Reached skill level 9 in Staves
 28984 | Snake:2  | Offered knowledge of Iskenderun's Battlesphere by Vehumet.
 29305 | Snake:2  | Noticed a nagaraja
 29310 | Snake:2  | Killed a nagaraja
 29310 | Snake:2  | Reached skill level 15 in Dodging
 29547 | Snake:2  | Reached skill level 10 in Staves
 29902 | Snake:1  | Noticed Aizul
 29902 | Snake:1  | Noticed Donald
 29907 | Snake:1  | Killed Donald
 29909 | Snake:1  | Killed Aizul
 30050 | Snake:1  | Found a shimmering altar of Xom.
 30060 | Snake:1  | Got a warped falchion
 30061 | Snake:1  | Identified the cursed +1 falchion of Pandemonium {freeze,
                  | +Inv rN+} (You found it on level 1 of the Snake Pit)
 30441 | Snake:3  | Noticed a nagaraja
 30490 | Snake:3  | Reached XP level 17. HP: 128/142 MP: 18/34
 30520 | Snake:3  | Found Qapoef's Jewellery Shoppe.
 30528 | Snake:3  | Reached skill level 17 in Ice Magic
 30659 | Snake:3  | Found a transporter.
 30661 | Snake:3  | Found a transporter.
 30666 | Snake:3  | Reached skill level 11 in Staves
 30694 | Snake:3  | Reached skill level 14 in Spellcasting
 31089 | Snake:3  | Identified a scarf of resistance (You found it on level 3
                  | of the Snake Pit)
 31135 | Snake:3  | Reached skill level 12 in Staves
 31365 | Snake:4  | Entered Level 4 of the Snake Pit
 31391 | Snake:4  | Offered knowledge of Conjure Ball Lightning by Vehumet.
 31561 | Snake:4  | Found the +7 great mace "Undeadhunter" {disrupt, rN+}
 31789 | Snake:4  | Noticed Bai Suzhen
 31808 | Snake:4  | Identified a +1 robe of resistance
 31982 | Snake:4  | Reached skill level 13 in Staves
 31983 | Snake:4  | Reached XP level 18. HP: 95/149 MP: 36/36
 32065 | Snake:4  | Reached skill level 18 in Ice Magic
 32146 | Snake:4  | Killed Bai Suzhen
 32301 | Snake:4  | Got a serpentine rune of Zot
 32525 | Shoals:1 | Entered Level 1 of the Shoals
 32605 | Shoals:1 | Found Hezeec's Antique Weapon Emporium.
 32683 | Shoals:1 | Reached skill level 14 in Staves
 32683 | Shoals:1 | Reached skill level 15 in Spellcasting
 33701 | Shoals:2 | Identified Roxanne's Incunabulum of the Rocks
 33701 | Shoals:2 | Noticed Roxanne
 33844 | Shoals:2 | Reached skill level 19 in Ice Magic
 33885 | Shoals:2 | Found a hide-covered altar of Uskayaw.
 34309 | Shoals:2 | Offered knowledge of Orb of Destruction by Vehumet.
 34344 | Shoals:2 | Identified 2 potions of resistance
 34622 | Shoals:3 | Found Hiar's Magic Scroll Shoppe.
 34786 | Shoals:3 | Reached skill level 20 in Ice Magic
 35488 | Shoals:4 | Entered Level 4 of the Shoals
 35527 | Shoals:4 | Reached XP level 19. HP: 142/155 MP: 21/38
 35531 | Shoals:4 | Offered knowledge of Fire Storm by Vehumet.
 35531 | Shoals:4 | Offered knowledge of Chain Lightning by Vehumet.
 35531 | Shoals:4 | Offered knowledge of Absolute Zero by Vehumet.
 35532 | Shoals:4 | Reached skill level 21 in Ice Magic
 35667 | Shoals:3 | Learned a level 9 spell: Absolute Zero
 35837 | Shoals:4 | Identified the +6 long sword "Qakhlidgh" {freeze, rPois}
 36211 | Shoals:4 | Got a barnacled rune of Zot
 36374 | Shoals:4 | Reached skill level 22 in Ice Magic
 36417 | Shoals:4 | Got a pair of smoking gloves
 36428 | Shoals:4 | Identified the +2 pair of gloves "Muwoo" {rPois rF- rN++
                  | Stlth+} (You found it on level 4 of the Shoals)
 36825 | Shoals:4 | Got a scorched mace
 36826 | Shoals:4 | Identified the +0 mace "Zeank" {flame, rElec MR+ Int-4
                  | Dex-4 Stlth+} (You found it on level 4 of the Shoals)
 37053 | Vaults:1 | Entered Level 1 of the Vaults
 37234 | Vaults:1 | Found the +5 robe of Night {Dark MR+ SInv}
 37301 | Vaults:1 | Identified a scarf of resistance (You found it on level 1
                  | of the Vaults)
 37426 | Vaults:1 | Reached skill level 23 in Ice Magic
 37621 | Vaults:1 | Identified +0 ice dragon scales
 37871 | Vaults:1 | Found Xuixei's Gadget Boutique.
 38255 | Vaults:1 | Reached XP level 20. HP: 162/162 MP: 29/39
 38955 | Vaults:2 | Identified +0 acid dragon scales
 39000 | Vaults:2 | Reached skill level 1 in Armour
 39010 | Vaults:2 | Reached skill level 2 in Armour
 39010 | Vaults:2 | Reached skill level 24 in Ice Magic
 39011 | Vaults:2 | Reached skill level 3 in Armour
 39013 | Vaults:2 | Reached skill level 4 in Armour
 39489 | Vaults:2 | Identified +0 ice dragon scales
 39618 | Vaults:2 | Found a runed translucent gate.
 39618 | Vaults:2 | Found a runed translucent gate.
 39619 | Vaults:2 | Found a runed translucent gate.
 39620 | Vaults:2 | Noticed Waros's ghost (veteran GrEE)
 39624 | Vaults:2 | Identified the ring of Joakuusa {Fire MR+ Stlth+}
 39639 | Vaults:2 | Found Weefoewn's Gadget Boutique.
 40426 | Vaults:3 | Reached skill level 25 in Ice Magic
 41208 | Vaults:3 | Reached XP level 21. HP: 168/168 MP: 40/40
 41319 | Vaults:3 | Reached skill level 26 in Ice Magic
 41520 | Vaults:3 | Identified +0 storm dragon scales
 41521 | Vaults:3 | Identified +0 shadow dragon scales
 42167 | Vaults:3 | Reached skill level 27 in Ice Magic
 42374 | Vaults:3 | Found a staircase to the Crypt.
 42660 | Vaults:4 | Reached skill level 5 in Armour
 43091 | Vaults:4 | Reached skill level 6 in Armour
 43537 | Vaults:4 | Identified +0 ice dragon scales
 43645 | Vaults:4 | Identified +0 fire dragon scales
 43645 | Vaults:4 | Reached skill level 7 in Armour
 43824 | Vaults:4 | Reached XP level 22. HP: 177/177 MP: 38/41
 43932 | Vaults:4 | Reached skill level 16 in Fighting
 44014 | Vaults:4 | Got a pair of faintly glowing boots
 44025 | Vaults:4 | Identified the +1 pair of boots of Darkness {Int-4 Dex+7}
                  | (You found it on level 4 of the Vaults)
 44044 | Vaults:4 | Reached skill level 8 in Armour
 44047 | Vaults:4 | Reached skill level 16 in Dodging
 44106 | Vaults:4 | Noticed Frederick
 44112 | Vaults:4 | Killed Frederick
 44961 | Vaults:2 | Killed Waros's ghost
 44979 | Vaults:2 | Found a roughly hewn altar of Beogh.
 45305 | Vaults:5 | Entered Level 5 of the Vaults
 45308 | Vaults:5 | Reached skill level 17 in Fighting
 45309 | Vaults:5 | Reached skill level 17 in Dodging
 45356 | Vaults:5 | Identified quicksilver dragon scales
 45367 | Vaults:5 | Noticed an ancient lich
 45375 | Vaults:5 | Identified +0 storm dragon scales
 45375 | Vaults:5 | Reached skill level 18 in Fighting
 45375 | Vaults:5 | Noticed an ancient lich
 45378 | Vaults:5 | Killed an ancient lich
 45390 | Vaults:5 | Killed an ancient lich
 45390 | Vaults:5 | Reached XP level 23. HP: 132/191 MP: 36/42
 45737 | Vaults:5 | Got an ichor-stained scale mail
 45738 | Vaults:5 | Identified the cursed +1 scale mail of Okawaru's Esteem
                  | {SInv} (You found it on level 5 of the Vaults)
 45746 | Vaults:5 | Identified Teduc's Collected Works on Creative Earth
 45826 | Vaults:5 | Reached skill level 18 in Dodging
 46077 | Vaults:5 | Identified Sif Muna's Compendium of Translocation and
                  | Sinister Secrets
 46143 | Vaults:5 | Noticed a golden dragon
 46151 | Vaults:5 | Killed a golden dragon
 46159 | Vaults:5 | Reached skill level 19 in Fighting
 46176 | Vaults:5 | Identified +0 shadow dragon scales
 46312 | Vaults:5 | Noticed Mara
 46314 | Vaults:5 | Noticed sanka's illusion
 46316 | Vaults:5 | Killed Mara
 46317 | Vaults:5 | Noticed a golden dragon
 46329 | Vaults:5 | Noticed an ancient lich
 46344 | Vaults:5 | Killed a golden dragon
 46357 | Vaults:5 | Slain by a phantasmal warrior

Vanquished Creatures
  2 ancient liches (Vaults:5)
  Mara (Vaults:5)
  The ghost of Waros the Metallomancer, a veteran GrEE of Ashenzari (Vaults:2)
  Bai Suzhen (Snake:4)
  Frederick (Vaults:4)
  Saint Roka (Snake:2)
  2 golden dragons (Vaults:5)
  A tentacled monstrosity (Vaults:5)
  4 liches
  Jorgrun (D:15)
  A titan (Vaults:5)
  3 quicksilver dragons
  2 krakens
  2 sphinxes (Vaults:3)
  5 tengu reavers
  3 shadow dragons
  6 storm dragons
  Donald (Snake:1)
  8 fire giants
  13 nagarajas
  A deep elf sorcerer (Vaults:4)
  Aizul (Snake:1)
  3 frost giants (Vaults:5)
  15 vault wardens
  The ghost of TrebMcFLY the Covert, an adept VSFi of Uskayaw (Snake:2)
  5 orc warlords
  3 iron dragons (Vaults:5)
  12 ironheart preservers
  3 war gargoyles
  12 stone giants
  2 very ugly things (Vaults:4)
  A deep elf demonologist (Vaults:5)
  2 deep elf annihilators
  A minotaur (Shoals:2)
  4 merfolk javelineers
  A deep elf death mage (Vaults:3)
  Snorg (D:14)
  2 ettins
  6 merfolk impalers
  A crystal guardian (Vaults:5)
  13 ogre magi
  11 yaktaur captains
  4 fire dragons
  3 great orbs of eyes
  17 naga warriors
  37 vault guards
  3 hydras (D:14)
  9 anacondas
  3 rakshasas
  An alligator snapping turtle (Shoals:4)
  3 ice dragons
  8 merfolk avatars
  2 catoblepae
  10 centaur warriors
  7 merfolk aquamancers
  50 two-headed ogres
  A deep troll shaman (Vaults:4)
  Erica (D:9)
  6 death knights
  4 satyrs
  3 death yaks
  A deep troll earth mage (Vaults:3)
  2 orc high priests (Vaults:2)
  10 naga sharpshooters
  A deep elf knight (Vaults:4)
  6 shock serpents
  Nergalle (D:12)
  A salamander mystic (Snake:1)
  A shadow wraith (Vaults:5)
  4 skeletal warriors
  An unseen horror (Vaults:1)
  2 glowing orange brains (Vaults:2)
  2 wizards
  3 flayed ghosts
  9 naga ritualists
  15 sea snakes
  11 deep trolls
  2 deep elf archers
  20 orc knights
  4 necromancers
  15 harpies
  5 phantasmal warriors
  4 deep elf magi
  15 ironbrand convokers
  11 mana vipers
  Pikel (D:8)
  A wolf spider zombie (D:15)
  14 ugly things
  3 orc sorcerers (Orc:2)
  3 wolf spiders
  5 salamanders
  11 cyclopes
  15 manticores
  An elephant (shapeshifter) (Vaults:5)
  3 guardian serpents
  5 elephants
  Maurice (D:8)
  14 vault sentinels
  10 water nymphs
  14 merfolk sirens
  6 fauns
  A stone giant skeleton (Vaults:4)
  34 black mambas
  Psyche (D:8)
  20 naga magi
  A guardian serpent (shapeshifter) (Vaults:4)
  7 spiny frogs
  2 torpor snails
  Maggie (D:6)
  6 orange demons (D:15)
  6 freezing wraiths
  A rime drake (Lair:6)
  43 yaktaurs
  2 yaktaurs (shapeshifter) (Vaults:4)
  An efreet (D:15)
  5 komodo dragons
  7 wind drakes
  A human skeleton (Vaults:4)
  2 red devils (D:15)
  10 polar bears (Lair:6)
  14 trolls
  A hornet (Vaults:1)
  7 meliai
  A queen bee (D:12)
  22 merfolk
  A queen bee (shapeshifter) (Vaults:5)
  A troll (shapeshifter) (Vaults:3)
  9 snapping turtles
  A blink frog (Lair:5)
  A harpy skeleton (D:13)
  12 hippogriffs
  2 dream sheep (shapeshifter)
  Grinder (D:6)
  14 slime creatures
  12 dream sheep
  4 raiju (Lair:6)
  A frost giant simulacrum (Vaults:4)
  17 water elementals
  6 wraiths
  24 yaks
  A human (shapeshifter) (D:13)
  5 wyverns
  6 basilisks
  Grum (D:8)
  2 steam dragons (Lair:6)
  A vampire mosquito (D:11)
  Edmund (D:6)
  10 wargs
  A deep troll zombie (Vaults:4)
  The ghost of Esekla the Magician, an amateur OpWz (D:6)
  A soldier ant (shapeshifter) (Vaults:1)
  3 acid dragons
  32 nagas
  15 water moccasins
  6 porcupines
  13 hell hounds (Lair:6)
  40 orc warriors
  An elf zombie (Vaults:4)
  3 ice beasts
  An eye of draining (shapeshifter) (Vaults:3)
  2 human zombies (Vaults:4)
  A sky beast (D:11)
  A black bear (shapeshifter) (Vaults:3)
  A swamp drake (Lair:6)
  A necrophage (D:9)
  12 black bears
  A phantom (D:5)
  24 centaurs
  43 ogres
  29 wolves
  22 crocodiles
  A big kobold (D:10)
  17 bullfrogs
  A wyvern skeleton (D:12)
  9 scorpions
  37 killer bees
  18 wights
  13 electric eels
  3 howler monkeys (D:8)
  7 crimson imps
  5 centaur zombies
  2 quasits
  10 hounds
  7 centaur skeletons
  6 jellies
  19 orc priests
  24 orc wizards
  6 iguanas
  8 worker ants
  A killer bee zombie (D:9)
  2 hound zombies
  2 hound skeletons
  2 worker ant zombies
  A gnoll (D:1)
  14 adders
  4 shadow imps
  5 oozes
  2 adder skeletons (D:7)
  3 worms
  3 dart slugs
  3 leopard geckos
  76 orcs
  2 bats
  2 giant cockroaches (D:1)
  4 goblins (D:1)
  2 hobgoblins
  9 jackals
  4 kobolds
  7 quokkas
  4 frilled lizards
  4 rats
  2 bushes (Shoals:2)
  21 plants
  5 tentacles
1545 creatures vanquished.

Vanquished Creatures (collateral kills)
  A dire elephant (Lair:6)
  3 hydras
  3 two-headed ogres (Orc:2)
  A death yak (Lair:3)
  A swamp dragon (Lair:6)
  An oklob plant (Lair:5)
  A centaur zombie (D:11)
  A torpor snail (Lair:2)
  A spiny frog (Lair:6)
  2 trolls (Orc:2)
  A shadow (D:10)
  2 yaks
  A basilisk (Lair:4)
  2 hungry ghosts
  3 vampire mosquitoes (D:11)
  2 water moccasins (Lair:6)
  4 ogres (Orc:2)
  A crocodile (Lair:6)
  A bush (Lair:5)
32 creatures vanquished.

Vanquished Creatures (others)
  A naga warrior (Snake:4)
  A merfolk aquamancer (Shoals:4)
  A naga sharpshooter (Snake:4)
  A naga ritualist (Snake:4)
  A naga mage (Snake:4)
  A merfolk (Shoals:1)
  2 blink frogs (Lair:5)
  A naga (Snake:4)
  An ice beast (D:8)
  A slave (D:8)
  A centaur (D:8)
  2 orcs (Vaults:2)
  16 blocks of ice
  15 plants (Lair:6)
  9 tentacles
54 creatures vanquished.

Grand Total: 1631 creatures vanquished
